 Dungeon Crawl Stone Soup version 0.29-a0-418-gc0181ea820 (webtiles) character file.

Game seed: 3401700330562851322

28 Bruhh the Digger (level 3, -4/24 HPs)
             Began as a Barachi Earth Elementalist on May 17, 2022.
             Slain by a scorpion (7 damage)
             ... on level 2 of the Dungeon.
             The game lasted 00:02:15 (1444 turns).

Bruhh the Digger (Barachi Earth Elementalist)       Turns: 1444, Time: 00:02:15

Health: -4/24      AC:  2    Str:  9    XL:     3   Next: 12%
Magic:  6/7        EV: 12    Int: 17    God:
Gold:   73         SH:  0    Dex: 12    Spells: 6/7 levels left

rFire   . . .      SeeInvis .   (no weapon)
rCold   . . .      Faith    .   (no shield)
rNeg    . . .      Spirit   .   b - +0 robe
rPois   .          Reflect  .   (no helmet)
rElec   .          Harm     .   (no cloak)
rCorr   .          Rampage  .   (no gloves)
Will    .....                   (no boots)
Stlth   ++........              (no amulet)
HPRegen 0.08/turn               (no ring)
MPRegen 0.10/turn               (no ring)

@: brilliant, lethally poisoned (-4 -> -9), on berserk cooldown, slowed, very
slow
A: amphibious, slowness 1, strong legs 1, +LOS
a: Hop


You were on level 2 of the Dungeon.
You visited 1 branch of the dungeon, and saw 2 of its levels.

You collected 73 gold pieces.

Inventory:

Missiles
 a - 19 stones
Armour
 b - a +0 robe (worn)
Scrolls
 e - 4 scrolls of identify {unknown}
 f - a scroll of silence {unknown}
Potions
 d - a potion of ambrosia
 g - a potion of curing {unknown}


   Skills:
 - Level 2.1 Dodging
 - Level 1.7 Stealth
 + Level 2.7 Spellcasting
 - Level 1.1 Transmutations
 * Level 3.8 Earth Magic


You had 6 spell levels left.
You knew the following spells:

 Your Spells              Type           Power      Damage    Failure   Level
a - Sandblast             Erth           46%        2d11      3%          1

Your spell library contained the following spells:

 Spells                   Type           Power      Damage    Failure   Level
 Passwall                 Tmut/Erth      13%        N/A       10%         2
 Stone Arrow              Conj/Erth      26%        3d8       24%         3
 Petrify                  Tmut/Erth      16%        N/A       54%         4


Dungeon Overview and Level Annotations

Branches:
Dungeon (2/15)

Altars:


Innate Abilities, Weirdness & Mutations

You are amphibious.
You cover ground slowly.
You can hop short distances.
You have an extended range of vision and can be seen from far away.


Message History

You feel less confused.
You feel sick. The scorpion completely misses you.
The scorpion stings you but does no damage.
You barely miss the scorpion.
You feel sick.
You hit the scorpion.
The scorpion is lightly wounded.
You feel sick. The scorpion misses you.
You barely miss the scorpion.
The scorpion is lightly wounded.
The scorpion stings you.
You are more poisoned.
The scorpion poisons you!
You closely miss the scorpion.
You feel very sick. The scorpion stings you.
You are too berserk!
The scorpion attacks as you move away!
The scorpion stings you but does no damage.
You feel sick.
You feel a strong urge to attack something.
* * * LOW HITPOINT WARNING * * *
You feel sick.
You are no longer berserk.
You are exhausted.
You feel yourself slow down.
* * * LOW HITPOINT WARNING * * *
You feel sick.
Casting: Sandblast (safe; 3% risk of failure)
Confirm with . or Enter, or press ? or * to list all spells.
Okay, then.
Casting: Sandblast (safe; 3% risk of failure)
Confirm with . or Enter, or press ? or * to list all spells.
Aiming: Sandblast (safe; 3% risk of failure)
Press: ? - help, Shift-Dir - straight line, f/p - scorpion
Aim: a scorpion (81% to hit)
You feel a surge of power!
The blast of sand hits the scorpion.
The scorpion is moderately wounded.
* * * LOW HITPOINT WARNING * * *
You feel sick. The scorpion stings you!
You die...

....##.#
#.<.........#.....
###.##.#
#..#######.#######
# #....# #..# #.#
###.####
#######.)# #.#
....# #........#
#.####### #.###
#.#####.##
#.....†.. #.# #>#
#.# ######### #.#
##.## ##.#
#.#######...###.@#
#..............#s#
####.#####..###..#
#.# #.## #..# #.#
#.# #..# #.# #†#
#..# #.#####.#
#... #.......#
#... ####.####
#####


You could see a scorpion.

Vanquished Creatures
  A worm (D:2)
  2 ball pythons (D:2)
  An endoplasm (D:2)
  2 giant cockroaches (D:2)
  4 goblins
  A hobgoblin (D:2)
  3 jackals (D:2)
  2 kobolds (D:1)
  A quokka (D:1)
  2 bats (D:2)
  A frilled lizard (D:1)
  A rat (D:1)
21 creatures vanquished.

Vanquished Creatures (others)
  2 plants (D:1)
2 creatures vanquished.

Grand Total: 23 creatures vanquished

Notes
Turn   | Place    | Note
-------+----------+-------------------------------------------
     0 | D:1      | Bruhh the Barachi Earth Elementalist began the quest for
                  | the Orb.
     0 | D:1      | Reached XP level 1. HP: 13/13 MP: 3/3
   332 | D:1      | Found a faded altar of an unknown god.
   485 | D:1      | Reached XP level 2. HP: 19/19 MP: 3/5
  1142 | D:2      | Reached XP level 3. HP: 24/24 MP: 1/7
  1421 | D:2      | Noticed a scorpion
  1444 | D:2      | Slain by a scorpion

Illustrated notes

Levels and vault maps discovered:
D:1:      giann_bridges, layout_basic, chequers_ecumenical_altar_lobes,
          serial_forest, infiniplex_forest_clump_medium,
          infiniplex_forest_clump_double, infiniplex_forest_end_2,
          infiniplex_forest_end_2, grunt_decor_arrowhead, minmay_fountain_box,
          minmay_tree_intersection
D:2:      layout_loops_ring

Action                   || total
-------------------------++-------
Melee: Unarmed           ||    16
       Punch             ||     1
 Cast: Sandblast         ||    37
 Abil: Hop               ||     1
  Use: Potion            ||     4
Armor: Robe              ||     4
Dodge: Dodged            ||    17

Table legend: (Time is in decaauts)
 A = Elapsed time spent in this place.
 B = Non-inter-level travel time spent in this place.
 C = Inter-level travel time spent in this place.
 D = Time resting spent in this place.
 E = Time spent auto-exploring this place.
 F = Levels seen in this place.
 G = Mean time per level.
                   A        B        C        D        E       F      G
               +--------+--------+--------+--------+--------+-----+--------+
         Total |   1640 |   1626 |     14 |      0 |   1461 |   2 |  820.0 |
       Dungeon |   1640 |   1626 |     14 |      0 |   1461 |   2 |  820.0 |
               +--------+--------+--------+--------+--------+-----+--------+

Top non-repeatable levels by time:
     D:1: 952 daAuts
     D:2: 687 daAuts
